Map: Year Zero LE

Players

darkeace

  • Race: Zerg Zerg
  • Spawn Location: 11:00

Mesrob - Winner!

  • Race: Zerg Zerg
  • League: Platinum
  • Spawn Location: 1:00

VOD

Have the link to the VOD?

Description

Time

  • Played on: April 6, 2019, 2:25 p.m.
  • Length: 15:23
Show
View Real Time Build Order
Export as new Build Order

darkeace Zerg 

Build Orders: Pool First, Muta Ling Bane 

Get SALT Encoding   

  12  0:05  Drone  
  13  0:13  Overlord  
  13  0:20  Drone  
  14  0:28  Overlord  
  14  0:33  Extractor  
  13  0:36  Drone  
  14  0:45  Drone  
  15  0:55  Drone  
  16  1:01  Spawning Pool  
  15  1:14  Drone  
  16  1:19  Drone  
  17  1:38  Extractor, Drone x2  
  18  1:44  Drone  
  19  1:51  Queen  
  21  1:56  Drone  
  22  2:02  Metabolic Boost  
  22  2:06  Zergling x2  
  23  2:18  Zergling x2  
  24  2:48  Hatchery  
  23  2:52  Drone x2  
  25  3:04  Zergling x4  
  27  3:19  Drone  
  28  3:27  Overlord x2  
  28  3:30  Drone  
  29  3:47  Drone  
  30  3:49  Zergling x2  
  30  4:23  Queen  
  29  4:32  Queen  
  29  4:38  Drone x4  
  32  4:39  Drone x5  
  41  4:52  Zergling x2  
  41  4:53  Zergling x2  
  42  5:02  Roach Warren  
  41  5:11  Baneling Nest  
  40  5:17  Evolution Chamber  
  40  5:20  Evolution Chamber  
  38  5:24  Spore Crawler  
  38  5:28  Drone x5  
  38  5:29  Drone  
  43  5:41  Zergling x2  
  44  5:44  Overlord  
  44  5:46  Overlord  
  44  5:51  Lair  
  44  5:54  Lair  
  44  6:01  Extractor  
  43  6:06  Drone x3  
  43  6:09  Extractor  
  45  6:30  Zerg Melee Weapons Level 1  
  45  6:32  Zerg Ground Armor Level 1  
  45  6:34  Zergling x4  
  45  6:35  Zergling x10  
  52  6:59  Glial Reconstitution  
  52  7:01  Centrifical Hooks  
  52  7:14  Hydralisk Den  
  51  7:16  Overlord x4  
  51  7:17  Overlord  
  51  7:19  Roach  
  51  7:20  Roach x3  
  59  7:38  Spire  
  58  7:45  Infestation Pit  
  58  7:48  Pneumatized Carapace  
  57  8:01  Drone  
  57  8:02  Drone x5, Spore Crawler  
  62  8:07  Hydralisk  
  64  8:16  Spore Crawler  
  64  8:18  Tunneling Claws  
  63  8:23  Spine Crawler  
  63  8:26  Drone  
  63  8:27  Drone x8  
  71  8:39  Grooved Spines  
  71  8:44  Zerg Missile Weapons Level 1  
  71  8:45  Zerg Ground Armor Level 2  
  71  8:49  Zergling x4  
  71  8:50  Zergling x4  
  71  8:54  Zerg Flyer Weapons Level 1  
  75  8:56  Zergling x2  
  75  8:57  Zergling x2  
  77  9:03  Hive  
  77  9:15  Mutalisk  
  79  9:18  Hydralisk  
  79  9:20  Hydralisk  
  79  9:21  Zergling x2  
  79  9:22  Zergling x4  
  86  9:51  Muscular Augments  
  86  9:58  Mutalisk x2  
  86  9:59  Mutalisk x2  
  94  10:02  Hatchery  
  93  10:08  Zergling x2  
  93  10:09  Zergling x2  
  95  10:16  Roach x2  
  99  10:36  Overlord x4  
  99  10:38  Zerg Melee Weapons Level 2  
  99  10:48  Zerg Flyer Armor Level 1  
  99  10:58  Zergling x8  
  99  11:01  Zerg Missile Weapons Level 2  
  103  11:14  Hydralisk x2  
  107  11:19  Drone  
  107  11:20  Drone x2  
  107  11:21  Queen  
  112  11:34  Ultralisk Cavern  
  112  11:36  Zergling x2  
  112  11:37  Zergling x12  
  118  11:41  Overlord x3  
  118  11:45  Overseer  
  118  11:47  Overseer  
  118  12:04  Mutalisk x4  
  118  12:06  Zergling x6  
  129  12:08  Overlord  
  135  12:23  Ultralisk  
  135  12:32  Extractor x2  
  133  12:39  Zergling x10  
  133  12:40  Zergling x12  
  133  12:41  Zerg Flyer Weapons Level 2  
  144  12:58  Chitinous Plating  
  144  13:17  Ultralisk  
  150  13:27  Drone  
  150  13:32  Zergling x4  
  150  13:33  Overlord x4  
  150  13:34  Overlord  
  153  13:58  Ultralisk x2  
  153  14:00  Zergling x8  
  153  14:01  Zergling x2  
Show
View Real Time Build Order
Export as new Build Order

Mesrob Zerg - Winner!

Build Orders: Hatch First 

Get SALT Encoding   

  12  0:03  Drone  
  13  0:14  Overlord  
  13  0:19  Drone  
  14  0:34  Drone  
  14  0:35  Drone  
  16  0:38  Drone  
  17  0:59  Hatchery  
  17  1:02  Drone x2  
  18  1:16  Spawning Pool  
  17  1:21  Overlord  
  17  1:28  Drone  
  18  1:37  Drone  
  19  1:44  Extractor  
  18  1:48  Drone  
  19  1:54  Drone  
  20  2:09  Queen  
  20  2:12  Queen  
  20  2:15  Drone x3  
  27  2:41  Spine Crawler  
  27  2:43  Drone x2  
  27  2:44  Drone x2  
  30  2:47  Drone x2  
  30  2:48  Queen  
  34  2:58  Overlord  
  34  3:19  Evolution Chamber  
  33  3:22  Evolution Chamber  
  32  3:32  Roach Warren  
  31  3:43  Drone x4  
  31  3:44  Drone x4  
  31  3:45  Drone  
  40  3:59  Zerg Missile Weapons Level 1  
  40  4:17  Roach  
  40  4:18  Roach  
  40  4:20  Overlord x2  
  44  4:32  Overlord  
  44  4:33  Overlord  
  44  4:39  Roach x2  
  44  4:40  Roach x3  
  44  4:41  Roach  
  44  4:45  Lair  
  56  4:55  Extractor  
  55  5:00  Extractor  
  54  5:25  Evolution Chamber  
  53  6:02  Zerg Ground Armor Level 1  
  53  6:08  Drone x5  
  53  6:09  Drone  
  59  6:35  Hatchery  
  60  6:47  Roach x4  
  60  6:48  Roach x2  
  70  6:57  Extractor  
  69  7:08  Hydralisk Den  
  68  7:12  Drone  
  68  7:13  Drone x2, Overlord x2  
  68  7:14  Overlord  
  71  7:31  Zerg Missile Weapons Level 2  
  71  7:33  Glial Reconstitution  
  71  7:39  Drone x3  
  71  7:43  Grooved Spines  
  74  7:59  Drone x2, Hydralisk x3  
  74  8:00  Hydralisk  
  74  8:02  Roach  
  74  8:03  Roach  
  74  8:04  Drone x3  
  91  8:25  Pneumatized Carapace  
  91  8:49  Drone x2  
  91  8:50  Drone x6  
  91  8:51  Drone x2  
  91  8:52  Tunneling Claws  
  91  8:53  Overlord x2  
  91  8:54  Muscular Augments  
  101  9:04  Infestation Pit  
  101  9:06  Extractor  
  101  9:07  Roach x3  
  101  9:08  Extractor, Hydralisk  
  106  9:18  Drone x3  
  106  9:19  Drone  
  106  9:22  Roach x3, Hydralisk x3  
  122  9:34  Zerg Ground Armor Level 2  
  122  9:45  Overlord x3  
  122  9:58  Overlord x2  
  122  10:02  Zerg Melee Weapons Level 1  
  122  10:05  Hive  
  122  10:10  Hydralisk x5  
  132  10:24  Spore Crawler  
  132  10:26  Spore Crawler  
  130  10:31  Metabolic Boost, Spore Crawler  
  129  10:35  Hydralisk  
  129  10:36  Hydralisk x6  
  143  11:11  Roach x4  
  147  11:12  Roach  
  153  11:19  Overlord x3  
  153  11:21  Overlord x2  
  153  11:32  Overlord  
  153  11:33  Overlord x3  
  153  11:36  Overlord  
  153  11:45  Nydus Network  
  153  11:46  Overseer  
  153  11:47  Overseer  
  152  11:48  Overseer  
  152  11:49  Overseer  
  152  11:50  Zerg Missile Weapons Level 3  
  152  12:08  Hatchery  
  151  12:15  Hatchery  
  150  12:33  Overseer  
  150  12:34  Overseer  
  150  12:57  Extractor  
  151  12:58  Roach x2, Hydralisk  
  151  12:59  Roach x2, Hydralisk x4  
  151  13:00  Roach, Hydralisk x2  
  151  13:01  Extractor, Roach, Hydralisk x3  
  151  13:02  Roach x3, Hydralisk x2  
  151  13:03  Hydralisk  
  192  13:27  Ultralisk Cavern  
  191  13:39  Spire  
  190  13:52  Roach x2, Hydralisk  
  190  13:53  Hydralisk x2  
Tags
 
Composition
Muta Ling Bane
League
Platinum
Matchup
ZvZ
Race
Zerg
Replay Pack
sc2 replays
Spawn Locations
Close Positions
Add a new tag
Caveats
  • Supply blocks, unpowered buildings, or Contaminate may cause inaccurate times.
  • Supply counts are checked every 10 seconds.